 Dungeon Crawl Stone Soup version 0.26-a0-487-gbff1e92059 (webtiles) character file.

Game seed: 2154146537396558209

633227 BeastOfSaturn the Hoplite (level 27, 0/155 HPs)
             Began as a Demonspawn Fighter on July 23, 2020.
             Was a High Priest of Qazlal.
             Killed from afar by an orb of fire (36 damage)
             ... with a bolt of fire
             ... on level 1 of the Realm of Zot on Aug 2, 2020.
             The game lasted 03:43:22 (68327 turns).

BeastOfSaturn the Hoplite (Demonspawn Fighter)     Turns: 68327, Time: 03:43:24

Health: 0/155      AC: 49    Str: 23    XL:     27
Magic:  0/37       EV: 17    Int: 15    God:    Qazlal [*****.]
Gold:   3829       SH: 40    Dex: 13    Spells: 49/54 levels left

rFire    . . .     SeeInvis .   a - +8 trident of the Octopus King {venom, rElec rPois MR+}
rCold    + + +     Faith    .   k - +7 tower shield {AC+3}
rNeg     + + +     Spirit   +   T - +8 pearl dragon scales "Qaopt" {rC++ rN+ Slay+3}
rPois    +         Reflect  .   (helmet unavailable)
rElec    +         Harm     .   S - scarf {rC+ rF+}
rCorr    .         Rnd*Rage +   d - +2 pair of gloves of a Gauntlet {rC++}
MR       ++...                  K - +2 pair of boots {run}
Stlth    ..........             G - amulet of Joyrraah {Acrobat rC+ Slay+2}
HPRegen  0.00/turn              W - ring of Equilibrium {rPois rN+ MR- Str+4 Slay+3}
MPRegen  0.50/turn              I - ring "Oleathra" {+Fly rElec rF- rN+ Str+3}

@: protected from physical damage, sanguine armour, slowed, repel missiles, very
slow
A: hooves 1, horns 3, berserk 2, blurry vision 2, deterioration 1, dopey 2,
frail 3, low mp 1, powered by death 3, screaming 3, inhibited regeneration, weak
2, augmentation 3, magic shield, magic regeneration, magic link, no potion heal
1, subdued magic 3, sanguine armour 3
}: 3/15 runes: decaying, serpentine, silver
a: Upheaval, Elemental Force, Disaster Area, Renounce Religion, Evoke Flight


You were on level 1 of the Realm of Zot.
You worshipped Qazlal.
Qazlal was extremely pleased with you.
You visited 11 branches of the dungeon, and saw 51 of its levels.
You also visited: Bailey and Ice Cave.

You collected 8453 gold pieces.
You spent 4624 gold pieces at shops.

Inventory:

Hand Weapons
 a - the +8 trident of the Octopus King (weapon) {venom, rElec rPois MR+}
   (You bought it in a shop on level 2 of the Orcish Mines)

   It poisons the flesh of those it strikes.
   It insulates you from electricity.
   It protects you from poison.
   It affects your resistance to hostile enchantments.
Armour
 d - the +2 pair of gloves of a Gauntlet (worn) {rC++}
   (You took it off Nikola on level 3 of the Depths)

   It greatly protects you from cold.
 k - a +7 tower shield of protection (worn)
 K - a +2 pair of boots of running (worn)
 S - a scarf of resistance (worn)
 T - the +8 pearl dragon scales "Qaopt" (worn) {rC++ rN+ Slay+3}
   (You found it on level 2 of the Depths)

   It affects your accuracy and damage with ranged weapons and melee attacks
   (+3).
   It greatly protects you from cold.
   It protects you from negative energy.
Jewellery
 e - a +4 ring of protection
 v - an uncursed ring of poison resistance
 y - an uncursed amulet of reflection
 F - a cursed ring of resist corrosion
 G - the amulet of Joyrraah (around neck) {Acrobat rC+ Slay+2}
   (You found it on level 6 of the Dungeon)

   [amulet of the acrobat]

   It helps you evade while moving and waiting.
   It affects your accuracy and damage with ranged weapons and melee attacks
   (+2).
   It protects you from cold.
 I - the ring "Oleathra" (right hand) {+Fly rElec rF- rN+ Str+3}
   (You took it off an orc on level 2 of the Depths)

   [ring of flight]

   It affects your strength (+3).
   It makes you vulnerable to fire.
   It insulates you from electricity.
   It protects you from negative energy.
   It lets you fly.
 R - an uncursed ring of positive energy
 W - the ring of Equilibrium (left hand) {rPois rN+ MR- Str+4 Slay+3}
   (You took it off a rakshasa on level 2 of the Depths)

   [ring of positive energy]

   It affects your strength (+4).
   It affects your accuracy and damage with ranged weapons and melee attacks
   (+3).
   It protects you from poison.
   It protects you from negative energy.
   It affects your resistance to hostile enchantments.
Wands
 c - a wand of polymorph (17)
 B - a wand of acid (59)
 C - a wand of digging (31)
 D - a wand of enslavement (34)
 O - a wand of iceblast (64)
 Q - a wand of disintegration (7)
 X - a wand of clouds (16)
 Y - a wand of paralysis (49)
Scrolls
 g - 28 scrolls of teleportation
 j - 16 scrolls of identify
 r - 6 scrolls of magic mapping
 s - 9 scrolls of fear
 u - a scroll of brand weapon
 w - 10 scrolls of enchant weapon
 E - 26 scrolls of remove curse
 H - 12 scrolls of amnesia
 L - 3 scrolls of blinking
 M - 5 scrolls of fog
Potions
 f - 2 potions of heal wounds
 i - 12 potions of flight
 l - 5 potions of invisibility
 m - 5 potions of haste
 n - 4 potions of ambrosia
 o - 19 potions of curing
 p - 13 potions of brilliance
 q - 2 potions of berserk rage
 N - 2 potions of magic
 U - 2 potions of mutation
 V - 3 potions of lignification
 Z - 3 potions of cancellation
Miscellaneous
 b - a lightning rod (4/4)
 t - a lightning rod (4/4)
 x - 7 phantom mirrors
 z - a phial of floods
 P - a lightning rod (4/4)


   Skills:
 * Level 19.4 Fighting
   Level 2.0 Long Blades
   Level 3.4 Maces & Flails
 * Level 14.2 Polearms
 * Level 13.1 Armour
 * Level 13.8 Dodging
 - Level 25.0 Shields
 * Level 14.1 Spellcasting
 - Level 9.0 Conjurations
   Level 12.5 Summonings
 - Level 5.0 Air Magic
 - Level 10.0 Invocations
 - Level 10.0 Evocations


You had 49 spell levels left.
You knew the following spells:

 Your Spells              Type           Power        Failure   Level
a - Lightning Bolt        Conj/Air       ###.......   13%         5

Your spell library contained the following spells:

 Spells                   Type           Power        Failure   Level
 Foxfire                  Conj/Fire      ##..         1%          1
 Shock                    Conj/Air       ###.         1%          1
 Mephitic Cloud           Conj/Pois/Air  ##......     2%          3
 Corpse Rot               Necr/Air       N/A          3%          2
 Conjure Flame            Conj/Fire      ##......     3%          3
 Stone Arrow              Conj/Erth      ##....       3%          3
 Iskenderun's Battlesphe  Conj           ###.....     4%          5
 Summon Ice Beast         Ice/Summ       ###.....     5%          4
 Beastly Appendage        Tmut           #.....       8%          1
 Corona                   Hex            #......      8%          1
 Freeze                   Ice            #...         8%          1
 Slow                     Hex            #.......     13%         2
 Sublimation of Blood     Necr           #.........   13%         2
 Wereblood                Tmut           #.......     13%         2
 Fulminant Prism          Conj/Hex       ##........   13%         4
 Hailstorm                Conj/Ice       ##......     13%         4
 Sticky Flame             Conj/Fire      ##......     13%         4
 Frozen Ramparts          Ice            #.....       28%         3
 Ignite Poison            Fire/Tmut/Pois #.......     28%         3
 Inner Flame              Hex/Fire       #.......     28%         3
 Ozocubu's Armour         Ice            #.......     28%         3
 Portal Projectile        Hex/Tloc       #.....       28%         3
 Spider Form              Tmut/Pois      #.........   28%         3
 Fireball                 Conj/Fire      ##........   41%         5
 Bolt of Magma            Conj/Fire/Erth ##........   63%         5
 Animate Dead             Necr           #.........   71%         4
 Cause Fear               Hex            #.........   71%         4
 Dispel Undead            Necr           #.......     71%         4
 Ice Form                 Ice/Tmut       #.......     71%         4
 Leda's Liquefaction      Hex/Erth       #.........   71%         4
 Petrify                  Tmut/Erth      #.......     71%         4
 Spellforged Servitor     Conj/Summ      ###.......   73%         7
 Orb of Destruction       Conj           ###.......   93%         7
 Iron Shot                Conj/Erth      ##........   95%         6
 Starburst                Conj/Fire      ##........   95%         6
 Agony                    Necr           #.......     97%         5
 Blade Hands              Tmut           #.........   97%         5
 Borgnjor's Vile Clutch   Necr/Erth      #.........   97%         5
 Excruciating Wounds      Necr           #.........   97%         5
 Death Channel            Necr           #.........   100%        6
 Simulacrum               Ice/Necr       #.........   100%        6
 Statue Form              Tmut/Erth      #........    100%        6
 Chain Lightning          Conj/Air       ###.......   100%        8
 Ignition                 Fire           #.........   100%        8
 Lehudib's Crystal Spear  Conj/Erth      ##........   100%        8
 Absolute Zero            Ice            #.........   100%        9
 Fire Storm               Conj/Fire      ##........   100%        9
 Shatter                  Erth           #.........   100%        9


Dungeon Overview and Level Annotations

Branches:
Dungeon (15/15)            Temple (1/1) D:7            Lair (6/6) D:9
  Swamp (4/4) Lair:4        Snake (4/4) Lair:2        Slime (5/5) Lair:6
    Orc (2/2) D:9             Elf (3/3) Orc:2        Vaults (5/5) D:13
  Crypt (0/3) Vaults:3     Depths (5/5) D:15            Zot (1/5) Depths:5
 Bailey (visited)           IceCv (visited)

Altars:
Ashenzari
Cheibriados
Dithmenos
Elyvilon
Fedhas
Gozag
Hepliaklqana
Kikubaaqudgha
Makhleb
Nemelex Xobeh
Okawaru
Qazlal
Ru
Sif Muna
Trog
Uskayaw
Vehumet
Wu Jian
Xom
Yredelemnul
Zin
The Shining One
Jiyva

Shops:
D:5 [   D:7 *   D:9 (   Orc:2 ([}(   Elf:2 }   Snake:4 :   Vaults:1 *(?
Vaults:2 }   Vaults:4 (   Depths:4 (

Portals:
Hell: Depths:1 Depths:2 Depths:3 Depths:4 Depths:5
Abyss: Depths:4
Pandemonium: Depths:3
Ziggurat: Depths:5
Trove: Vaults:1 (give 6 potions of haste)

Annotations:
D:13 3 runed translucent doors, Ofafot's ghost, novice TeWz
Lair:2 3 runed translucent doors, Ucoruk's ghost, journeyman OpFi
Lair:3 3 runed translucent doors, Rebbira's ghost, journeyman HuNe; Sickboy's ghost, journeyman MiFi
Swamp:1 2 transporters, voshxx's ghost, journeyman DrSu
Zot:1 1 transporter


Innate Abilities, Weirdness & Mutations

You have a pair of large horns on your head.
You regenerate a lot of health from kills.
Your magical and physical power is greatly enhanced at high health.
When hurt, damage is shared between your health and your magic reserves.
You regenerate magic rapidly.
When low on magic, you restore magic in place of health.
When seriously injured, your bleeding wounds create very thick armour. (AC +12)
You have large cloven feet.
You often lose your temper in combat.
Scrolls take you longer to read.
Your body sometimes deteriorates upon taking damage.
You are very dopey. (Int -4)
You are extremely frail. (-30% HP)
Your magical capacity is low. (-10% MP)
You frequently scream uncontrollably at your foes.
You do not regenerate when monsters are visible.
You are very weak. (Str -4)
Potions are less effective at restoring your health.
Your spells are much easier to cast, but much less powerful.


Message History

You feel much better.
Your air elemental hits the orb of fire!
Your air elemental closely misses the orb of fire.
You block the quicksilver dragon's attack.
The quicksilver dragon misses you.
Your air elemental barely misses the orb of fire.
The quicksilver dragon bites you.
* * * LOW HITPOINT WARNING * * *
You block the quicksilver dragon's attack.
Your air elemental barely misses the orb of fire. x2
Your air elemental completely misses the orb of fire.
Your air elemental hits the orb of fire but does no damage.
Your system partially rejects the healing.
You feel much better.
Your air elemental hits the orb of fire but does no damage.
The quicksilver dragon barely misses your air elemental.
The quicksilver dragon claws your air elemental!
The orb of fire glows deep purple.
The bolt of fire hits you!!!
You die...

######......##### #...#
#.... ###..............##
#...# #....
##...####...#####..## #...#
#.... #..###.X#####...##..#
#...# #....
#.##♣#yzz*zzd.#..##.# #...#
#.... #.#[(#.##.D#......#.#
#...# #....
#.#($'..##...##.#.#.###.[.#
#....
#.#?|#...##.##..○.#.......#
#.... #.####.#.#
..###@##.......# #....
..8..#...#
#.E*#......[.###....
....©#z.##
##.D#©..............
#.8..#...#
#..q#..######.......
#.####D#.# ..###d##.#
#.......
#.#yq#pD.##.##.p..#.#
#.......
#.#*qD.y##...##.#.#.#
####....
#.#dz#.##.D#......#[# #....
#.##♣#.Dy.D.X.#. ##.# #....


You could see an orb of fire, a Killer Klown (very poisoned), a purple
draconian, a quicksilver dragon, a black draconian annihilator and a friendly
air elemental (summoned).

Vanquished Creatures
  Dissolution (Slime:3)
  2 orbs of fire
  2 ancient liches
  Mennas (Depths:3)
  2 juggernauts
  Bai Suzhen (Vaults:3)
  Saint Roka (Depths:2)
  the Lernaean hydra (Swamp:4)
  6 golden dragons
  Nikola (Depths:3)
  the Enchantress (Depths:1)
  A bone dragon (Depths:5)
  An electric golem (Zot:1)
  9 tentacled monstrosities
  Rupert (D:12)
  3 liches
  The ghost of Ynisk the Swashbuckler, an adept HaHu of Okawaru (Vaults:3)
  3 deep elf blademasters
  6 titans
  A deep elf master archer (Elf:2)
  9 acid blobs
  5 death cobs (Zot:1)
  5 quicksilver dragons
  7 sphinxes
  2 draconian monks (Depths:5)
  An ancient champion (Vaults:3)
  6 shadow dragons
  8 storm dragons
  10 azure jellies
  3 tengu reavers
  Donald (Snake:1)
  Kirke (D:13)
  16 fire giants
  14 nagarajas
  Aizul (Swamp:3)
  11 deep elf sorcerers
  5 iron dragons
  17 frost giants
  A ghost moth (Zot:1)
  15 vault wardens
  4 war gargoyles
  Louise (Swamp:4)
  13 ironheart preservers
  9 deep elf elementalists
  6 spriggan defenders
  24 very ugly things
  18 stone giants
  A green draconian (Zot:1)
  5 vampire knights
  6 deep elf annihilators
  7 deep elf demonologists
  2 dire elephants
  4 black draconians (Depths:5)
  A yellow draconian (Zot:1)
  A white draconian (Depths:5)
  6 spark wasps
  12 ettins
  9 deep elf death magi
  2 death oozes
  7 deep elf high priests
  10 fire dragons
  Josephine (D:13)
  19 great orbs of eyes
  20 yaktaur captains
  30 naga warriors
  Harold (Lair:2)
  A catoblepas (Lair:6)
  38 vault guards
  3 rakshasas
  9 ice dragons
  9 spriggan air magi
  4 ghost crabs (Swamp:1)
  27 hydras
  2 death knights
  An anaconda (shapeshifter) (Depths:4)
  A shambling mangrove (Swamp:2)
  12 centaur warriors
  35 two-headed ogres
  32 dancing weapons
  10 alligators
  10 death yaks
  15 anacondas
  3 vampire magi
  3 hell hogs (Depths:1)
  6 deep troll earth magi
  Urug (Lair:3)
  18 naga sharpshooters
  7 deep troll shamans
  An orc high priest (Bailey)
  8 spriggan berserkers
  7 shock serpents
  13 ogre magi
  5 tengu warriors
  A small abomination (Vaults:3)
  12 spriggans
  Nergalle (D:11)
  3 shadow wraiths
  A salamander mystic (Snake:3)
  3 iron trolls
  32 deep elf knights
  2 hell knights (Elf:3)
  A flayed ghost (Depths:3)
  27 deep trolls
  6 spriggan druids
  2 unseen horrors
  5 naga ritualists
  A deep troll (shapeshifter) (Elf:2)
  5 glowing orange brains
  2 lindwurms (shapeshifter)
  An orange crystal statue (Depths:1)
  16 swamp dragons
  11 deep elf archers
  16 orc knights
  A lindwurm (Lair:3)
  3 harpies (Vaults:3)
  5 wizards
  19 ironbrand convokers
  A mana viper (shapeshifter) (Depths:5)
  A wolf spider (shapeshifter) (Depths:2)
  86 deep elf magi
  An orb spider (shapeshifter) (Vaults:2)
  A stone giant zombie (Vaults:5)
  4 phantasmal warriors
  9 wolf spiders
  6 necromancers
  9 mana vipers
  12 salamanders
  6 orc sorcerers
  11 moths of wrath (Zot:1)
  5 shining eyes
  36 ugly things
  A cyclops (shapeshifter) (Depths:2)
  A centaur zombie (D:12)
  5 cyclopes
  4 manticores
  8 elephants (Lair:6)
  2 ice statues (IceCv)
  Joseph (D:9)
  A frost giant skeleton (Vaults:5)
  19 vault sentinels
  21 naga magi
  A titan simulacrum (Vaults:5)
  43 black mambas
  A torpor snail (Lair:6)
  5 apocalypse crabs (Swamp:1)
  An orange demon (D:14)
  6 eyes of devastation
  7 guardian serpents
  19 cane toads
  Maggie (D:9)
  5 rime drakes
  4 gargoyles
  A freezing wraith (Vaults:5)
  2 yaktaurs (shapeshifter)
  2 kobold demonologists
  3 komodo dragons
  51 yaktaurs
  14 tyrant leeches
  2 tengu conjurers (Depths:2)
  A sphinx simulacrum (Vaults:3)
  3 meliai (D:15)
  A meliai (shapeshifter) (Vaults:1)
  A troll (shapeshifter) (Vaults:4)
  3 trolls
  2 hornets (shapeshifter)
  4 polar bears (Lair:6)
  84 slime creatures
  A wind drake (shapeshifter) (Depths:2)
  19 hornets
  Prince Ribbit (D:5)
  12 blink frogs
  An elf zombie (Vaults:5)
  9 bog bodies
  9 hippogriffs
  9 water elementals
  A tarantella (shapeshifter) (D:8)
  An air elemental (Elf:1)
  A flying skull (Vaults:3)
  A redback (shapeshifter) (Vaults:5)
  6 wraiths
  A vampire (D:14)
  2 shadows
  18 humans (D:13)
  Eustachio (D:5)
  A basilisk (shapeshifter) (Vaults:5)
  15 golden eyes
  5 wyverns
  2 fire elementals (Elf:2)
  54 yaks
  3 basilisks
  A hog (D:13)
  2 humans (shapeshifter)
  A steam dragon (D:11)
  26 vampire mosquitoes
  2 wargs
  A soldier ant (D:12)
  20 swamp worms
  20 insubstantial wisps
  68 nagas
  3 acid dragons
  2 floating eyes
  A naga (shapeshifter) (Vaults:5)
  Duvessa (D:7)
  A floating eye (shapeshifter) (Vaults:5)
  5 porcupines
  5 hell hounds (Depths:1)
  16 water moccasins
  52 orc warriors
  19 ice beasts
  An ice beast (shapeshifter) (Elf:1)
  3 phantoms
  13 swamp drakes
  2 black bears
  A hornet zombie (D:11)
  27 ogres
  8 eyes of draining
  2 human zombies
  4 sky beasts
  5 boggarts
  29 centaurs
  7 wolves
  16 crocodiles
  An elf skeleton (Vaults:3)
  16 bullfrogs
  2 earth elementals
  2 big kobolds
  A wyvern zombie (D:14)
  Dowan (D:7)
  2 scorpions
  17 killer bees
  6 electric eels
  9 wights
  3 howler monkeys (D:10)
  A crimson imp (D:14)
  A quasit (D:8)
  9 hounds
  9 jellies
  19 orc priests
  2 gnoll shamans
  2 bullfrog skeletons
  3 centaur skeletons
  2 iguanas
  12 orc wizards
  Ijyb (D:5)
  9 worker ants
  A killer bee zombie (D:7)
  12 gnolls
  A howler monkey skeleton (D:8)
  6 adders
  2 shadow imps
  17 white imps
  2 ufetubi (D:7)
  12 oozes
  2 adder skeletons
  2 adder zombies
  6 worms
  2 dart slugs
  4 leopard geckos
  108 orcs
  7 bats
  7 giant cockroaches
  25 goblins
  16 hobgoblins
  17 jackals
  26 kobolds
  3 quokkas
  9 ball pythons
  2 frilled lizards (shapeshifter)
  6 frilled lizards
  A quokka zombie (D:10)
  10 rats
  3 crawling corpses (Vaults:4)
  7 plants
2360 creatures vanquished.

Vanquished Creatures (others)
  A very ugly thing (Depths:1)
  3 deep elf knights
  An unseen horror (Vaults:1)
  A deep elf mage (Elf:2)
  A spriggan (Swamp:3)
  An air elemental (Elf:2)
  A naga (shapeshifter) (Depths:3)
  An ogre (Vaults:5)
  A boggart (Depths:1)
  An orc wizard (Vaults:1)
  An orc (D:14)
  5 fungi
  60 plants
  12 toadstools (D:3)
90 creatures vanquished.

Grand Total: 2450 creatures vanquished

Notes
Turn   | Place    | Note
-------+----------+-------------------------------------------
     0 | D:1      | BeastOfSaturn the Demonspawn Fighter began the quest for
                  | the Orb.
     0 | D:1      | Reached XP level 1. HP: 18/18 MP: 1/1
   238 | D:1      | Gained mutation: When seriously injured, your bleeding
                  | wounds create armour. (AC +12) [demonic ancestry]
   238 | D:1      | Reached XP level 2. HP: 22/24 MP: 2/2
   545 | D:1      | Reached skill level 3 in Shields
   688 | D:1      | Gained mutation: When seriously injured, your bleeding
                  | wounds create thick armour. (AC +12) [demonic ancestry]
   688 | D:1      | Reached XP level 3. HP: 29/29 MP: 3/3
  1284 | D:2      | Reached skill level 1 in Maces & Flails
  1499 | D:2      | Found a faded altar of an unknown god.
  1595 | D:2      | Found an ancient bone altar of Kikubaaqudgha.
  1597 | D:2      | Found a sacrificial altar of Ru.
  1597 | D:2      | Found a hide-covered altar of Uskayaw.
  1891 | D:2      | Gained mutation: You regenerate a little health from kills.
                  | [demonic ancestry]
  1891 | D:2      | Reached XP level 4. HP: 36/36 MP: 4/4
  2489 | D:2      | Reached XP level 5. HP: 28/42 MP: 5/5
  2781 | D:3      | You fall into a shaft and drop 1 floor!
  2899 | D:4      | Reached skill level 4 in Shields
  3054 | D:4      | Reached XP level 6. HP: 46/48 MP: 6/6
  3839 | D:5      | Entered Level 5 of the Dungeon
  3920 | D:5      | Got an ivory spear
  3921 | D:5      | Identified the +7 spear "Kunonke" {antimagic, rC+ Str+3
                  | Int+2} (You found it on level 5 of the Dungeon)
  3995 | D:5      | Found Xaik Dir's Armour Emporium.
  4012 | D:5      | Noticed Ijyb
  4024 | D:5      | Killed Ijyb
  4146 | D:5      | Noticed an ice beast
  4156 | D:5      | Killed an ice beast
  4156 | D:5      | Reached skill level 1 in Polearms
  4263 | D:5      | Reached XP level 7. HP: 55/55 MP: 2/7
  4598 | D:5      | Noticed Eustachio
  4605 | D:5      | Killed Eustachio
  4605 | D:5      | Reached skill level 5 in Shields
  4627 | D:5      | Noticed Prince Ribbit
  4634 | D:5      | Killed Prince Ribbit
  4634 | D:5      | Reached skill level 5 in Fighting
  5091 | D:6      | Reached XP level 8. HP: 54/62 MP: 2/8
  5154 | D:6      | Got a shimmering ruby amulet
  5374 | D:6      | Reached skill level 5 in Polearms
  5785 | D:6      | Found an opulent altar of Gozag.
  6575 | D:3      | Identified the amulet of Joyrraah {Acrobat rC+ Slay+2} (You
                  | found it on level 6 of the Dungeon)
  7001 | D:6      | Gained mutation: You have a pair of small horns on your
                  | head. [demonic ancestry]
  7001 | D:6      | Reached XP level 9. HP: 31/69 MP: 3/9
  7204 | D:7      | Reached skill level 6 in Shields
  7286 | D:7      | Found Pyho's General Store.
  7288 | D:7      | You fall into a shaft and drop 1 floor!
  7363 | D:7      | Noticed Duvessa
  7363 | D:7      | Noticed Dowan
  7381 | D:7      | Killed Duvessa
  7580 | D:7      | Killed Dowan
  7659 | D:7      | Found a staircase to the Ecumenical Temple.
  7665 | Temple   | Entered the Ecumenical Temple
  7815 | Temple   | Became a worshipper of Qazlal Stormbringer
  8168 | D:7      | Found a stormy altar of Qazlal.
  8290 | D:7      | Reached skill level 7 in Shields
  8444 | D:7      | Found a shimmering blue altar of Sif Muna.
  8755 | D:8      | Found a shattered altar of Ashenzari.
  8849 | D:8      | Reached * piety under Qazlal
  9046 | D:8      | Gained mutation: You have a pair of horns on your head.
                  | [demonic ancestry]
  9046 | D:8      | Reached XP level 10. HP: 79/79 MP: 3/10
  9140 | D:8      | Found a runed translucent door.
  9140 | D:8      | Found a runed translucent door.
  9140 | D:8      | Noticed a centaur warrior
  9155 | D:8      | Killed a centaur warrior
  9213 | D:8      | Noticed a gargoyle
  9237 | D:8      | Killed a gargoyle
  9257 | D:8      | Identified the Handbook of Transmigration and
                  | Weightlessness
  9261 | D:8      | Got a buzzing plate armour
  9272 | D:8      | Identified the cursed +1 plate armour "Acrefu Wyjoch" {MR+
                  | Str+7 Stlth+} (You found it on level 8 of the Dungeon)
  9764 | D:9      | Reached skill level 8 in Shields
  9778 | D:9      | Found a staircase to the Lair.
  9828 | D:9      | Noticed Maggie
  9847 | D:9      | Killed Maggie
  9886 | D:9      | Noticed Joseph
  9909 | D:9      | Killed Joseph
 10182 | D:9      | Reached skill level 10 in Polearms
 10273 | D:9      | Found a staircase to the Orcish Mines.
 10273 | D:9      | Found Beos's Weapon Boutique.
 10415 | Lair:1   | Entered Level 1 of the Lair of Beasts
 10501 | Lair:1   | Noticed a five-headed hydra
 10510 | Lair:1   | Killed a five-headed hydra
 10510 | Lair:1   | Reached XP level 11. HP: 42/87 MP: 3/11
 10737 | Lair:1   | Reached ** piety under Qazlal
 10908 | Lair:1   | Reached skill level 9 in Shields
 11682 | Lair:2   | Noticed Harold
 11704 | Lair:2   | Killed Harold
 11738 | Lair:2   | Found a glowing golden altar of the Shining One.
 12073 | Lair:2   | Found a staircase to the Snake Pit.
 12076 | Lair:2   | Found a runed translucent gate.
 12077 | Lair:2   | Found a runed translucent gate.
 12078 | Lair:2   | Found a runed translucent gate.
 12081 | Lair:2   | Noticed a death ooze
 12081 | Lair:2   | Noticed Ucoruk's ghost (journeyman OpFi)
 12083 | Lair:2   | Found a viscous altar of Jiyva.
 12382 | Lair:3   | Noticed Urug
 12413 | Lair:3   | Killed Urug
 12764 | Lair:3   | Reached skill level 10 in Shields
 12989 | Lair:3   | Gained mutation: When hurt, damage is shared between your
                  | health and your magic reserves. [demonic ancestry]
 12989 | Lair:3   | Reached XP level 12. HP: 93/96 MP: 4/12
 13044 | Lair:3   | Found a runed translucent gate.
 13045 | Lair:3   | Found a runed translucent gate.
 13046 | Lair:3   | Found a runed translucent gate.
 13046 | Lair:3   | Noticed Sickboy's ghost (journeyman MiFi)
 13082 | Lair:3   | Noticed Rebbira's ghost (journeyman HuNe)
 13118 | Lair:3   | Reached *** piety under Qazlal
 13402 | Lair:3   | Noticed an eight-headed hydra
 13408 | Lair:3   | Killed an eight-headed hydra
 13408 | Lair:3   | Reached skill level 10 in Fighting
 13408 | Lair:3   | Reached skill level 11 in Shields
 13817 | Lair:4   | Noticed a death yak
 13818 | Lair:4   | Noticed a death yak
 13818 | Lair:4   | Noticed a death yak
 13820 | Lair:4   | Noticed a death yak
 13820 | Lair:4   | Noticed a death yak
 13876 | Lair:3   | Killed a death yak
 14179 | Lair:3   | Killed a death yak
 14411 | Lair:3   | Killed a death yak
 14411 | Lair:3   | Reached skill level 12 in Shields
 14419 | Lair:3   | Killed a death yak
 14432 | Lair:3   | Learned a level 5 spell: Lightning Bolt
 14815 | Lair:4   | Reached **** piety under Qazlal
 14975 | Lair:4   | Found a staircase to the Swamp.
 15568 | Lair:5   | Gained mutation: You have a pair of large horns on your
                  | head. [demonic ancestry]
 15568 | Lair:5   | Reached XP level 13. HP: 106/106 MP: 4/14
 15578 | Lair:5   | Reached skill level 1 in Spellcasting
 15584 | Lair:5   | Reached skill level 1 in Air Magic
 16194 | Lair:6   | Entered Level 6 of the Lair of Beasts
 16224 | Lair:6   | Reached skill level 13 in Shields
 16255 | Lair:6   | Reached skill level 5 in Armour
 16578 | Lair:6   | Reached ***** piety under Qazlal
 16833 | Lair:6   | Noticed a dire elephant
 16941 | Lair:6   | Killed a dire elephant
 16966 | Lair:6   | Reached skill level 14 in Shields
 17367 | Lair:6   | Found a runed translucent door.
 17367 | Lair:6   | Found a viscous altar of Jiyva.
 17421 | Lair:6   | Found a staircase to the Slime Pits.
 17493 | Lair:6   | Gained mutation: You regenerate magic rapidly. [demonic
                  | ancestry]
 17493 | Lair:6   | Reached XP level 14. HP: 113/113 MP: 6/18
 17919 | Orc:1    | Entered Level 1 of the Orcish Mines
 17930 | Orc:1    | Found a bloodstained altar of Trog.
 18219 | Orc:2    | Entered Level 2 of the Orcish Mines
 18219 | Orc:2    | Found a staircase to the Elven Halls.
 18915 | Orc:2    | Found Getiefam's Antique Armour Boutique.
 18915 | Orc:2    | Found Ryl Vast's Gadget Emporium.
 18917 | Orc:2    | Found Dociet's Antique Weapon Shoppe.
 18919 | Orc:2    | Found Setit's Antique Weapon Shop.
 19102 | D:10     | Entered Level 10 of the Dungeon
 19368 | D:10     | Found a flagged portal.
 19376 | Bailey   | Entered a bailey
 19431 | Bailey   | Reached ****** piety under Qazlal
 19542 | Bailey   | Found an iron altar of Okawaru.
 19863 | D:10     | Acquired a +1 tower shield of protection
 19935 | Orc:2    | Bought the +8 trident of the Octopus King {venom, rElec
                  | rPois MR+} for 2108 gold pieces
 19935 | Orc:2    | Found the +8 trident of the Octopus King {venom, rElec
                  | rPois MR+}
 20697 | D:11     | Noticed Nergalle
 20709 | D:11     | Killed Nergalle
 20856 | D:11     | Found a shattered altar of Ashenzari.
 21309 | D:12     | Noticed Rupert
 21324 | D:12     | Killed Rupert
 21739 | D:12     | Reached skill level 15 in Shields
 22293 | Snake:1  | Entered Level 1 of the Snake Pit
 22428 | Snake:1  | Noticed Donald
 22443 | Snake:1  | Killed Donald
 22462 | Snake:1  | Reached XP level 15. HP: 65/118 MP: 16/22
 23461 | Snake:2  | Reached skill level 5 in Spellcasting
 23587 | Snake:2  | Reached skill level 5 in Air Magic
 24538 | Snake:2  | Identified the +8 trident "Appan" {vorpal, SInv} (You found
                  | it on level 2 of the Snake Pit)
 25631 | Snake:3  | Noticed a nagaraja
 25652 | Snake:3  | Killed a nagaraja
 26051 | Snake:3  | Noticed a nagaraja
 26055 | Snake:3  | Reached skill level 16 in Shields
 26069 | Snake:3  | Killed a nagaraja
 26222 | Snake:3  | Gained mutation: When low on magic, you restore magic in
                  | place of health. [demonic ancestry]
 26222 | Snake:3  | Reached XP level 16. HP: 112/125 MP: 22/24
 26581 | Snake:4  | Entered Level 4 of the Snake Pit
 26838 | Snake:4  | Found Zogix's Book Boutique.
 27763 | Snake:4  | Reached skill level 17 in Shields
 27917 | Snake:4  | Reached skill level 10 in Armour
 28630 | Snake:4  | Reached XP level 17. HP: 50/131 MP: 18/27
 28650 | Snake:4  | Reached skill level 18 in Shields
 29990 | Snake:4  | Got a serpentine rune of Zot
 30097 | Snake:4  | Found a glowing golden altar of the Shining One.
 30324 | Swamp:1  | Entered Level 1 of the Swamp
 30879 | Swamp:1  | Identified the cursed +0 spear of the Undead {elec, rC-
                  | rN+++ Int-5 Dex+6}
 30889 | Swamp:1  | Identified the +6 quarterstaff "Mon Wutica" {flame, MR+
                  | Dex+3}
 30895 | Swamp:1  | Noticed voshxx's ghost (journeyman DrSu)
 30895 | Swamp:1  | Identified the +7 lajatang of Xom's Outrage {chaos, rN+
                  | Str+3}
 30945 | Swamp:1  | Found a bloodstained altar of Trog.
 30952 | Swamp:1  | Found a transporter.
 30959 | Swamp:1  | Found a transporter.
 31053 | Swamp:1  | Acquired 640 gold pieces
 31391 | Swamp:1  | Found a runed translucent door.
 31891 | Swamp:1  | Identified a +1 pair of boots of running (You found it on
                  | level 1 of the Swamp)
 32329 | Swamp:2  | Reached skill level 19 in Shields
 33411 | Swamp:3  | Noticed Aizul
 33440 | Swamp:3  | Killed Aizul
 34114 | Swamp:3  | Reached XP level 18. HP: 131/138 MP: 28/30
 34519 | Swamp:4  | Entered Level 4 of the Swamp
 34646 | Swamp:4  | Noticed the 27-headed Lernaean hydra
 34674 | Swamp:4  | Killed the 27-headed Lernaean hydra
 35073 | Swamp:4  | Noticed Louise
 35090 | Swamp:4  | Killed Louise
 35490 | Swamp:4  | Got a decaying rune of Zot
 36176 | D:13     | Found a runed translucent gate.
 36176 | D:13     | Found a runed translucent gate.
 36176 | D:13     | Found a runed translucent gate.
 36179 | D:13     | Noticed Ofafot's ghost (novice TeWz)
 36201 | D:13     | Reached skill level 20 in Shields
 36485 | D:13     | Noticed Josephine
 36496 | D:13     | Killed Josephine
 36517 | D:13     | Noticed Kirke
 36528 | D:13     | Killed Kirke
 36741 | D:13     | Found a gate to the Vaults.
 36801 | D:14     | Found a frozen archway.
 36885 | IceCv    | Entered an ice cave
 37137 | IceCv    | Got a heavily runed wooden ring
 37138 | IceCv    | Identified the cursed ring "Sunegrub" {EV-4 Str+7} (You
                  | found it in an ice cave)
 37794 | D:15     | Entered Level 15 of the Dungeon
 38536 | D:15     | Found a staircase to the Depths.
 38634 | D:15     | Reached XP level 19. HP: 139/143 MP: 30/32
 39138 | Elf:1    | Entered Level 1 of the Elven Halls
 39155 | Elf:1    | Reached skill level 21 in Shields
 40019 | Elf:1    | Found Extioh's Antique Weapon Emporium.
 40106 | Elf:1    | Identified the +5 mace "Sonkeda" {flame, MP+9 SInv Stlth+}
                  | (You found it on level 1 of the Elven Halls)
 40195 | Elf:2    | Upgraded the game from 0.26-a0-394-g0b5ff556b1 to
                  | 0.26-a0-412-ga3d1f51b80
 40852 | Elf:2    | Found a runed translucent gate.
 40852 | Elf:2    | Found a runed translucent gate.
 40853 | Elf:2    | Found a runed translucent gate.
 40952 | Elf:2    | Found Murghak's Gadget Shop.
 41217 | Snake:4  | Bought a manual of Summonings for 2097 gold pieces
 41672 | Elf:2    | Reached skill level 1 in Summonings
 41728 | Elf:2    | Reached skill level 22 in Shields
 42412 | Elf:3    | Entered Level 3 of the Elven Halls
 42945 | Elf:3    | Gained mutation: You regenerate health from kills. [demonic
                  | ancestry]
 42945 | Elf:3    | Reached XP level 20. HP: 150/150 MP: 33/33
 43555 | Vaults:1 | Entered Level 1 of the Vaults
 43736 | Vaults:1 | Reached skill level 10 in Spellcasting
 43747 | Vaults:1 | Found Zeruinagh's Assorted Antiques.
 43877 | Vaults:1 | Bought a scroll of blinking for 292 gold pieces
 44023 | Vaults:1 | Reached skill level 23 in Shields
 44043 | Vaults:1 | Reached skill level 5 in Summonings
 44157 | Vaults:1 | Found Noum's Magic Scroll Boutique.
 44187 | Vaults:1 | Bought a scroll of blinking for 127 gold pieces
 44338 | Vaults:1 | Found Geeshyg's Antique Weapon Emporium.
 44898 | Vaults:1 | Found a portal to a secret trove of treasure.
 45686 | Vaults:2 | Found Raeteu's Gadget Boutique.
 46503 | Vaults:3 | Noticed an ancient lich
 46892 | Vaults:3 | Killed an ancient lich
 46892 | Vaults:3 | Gained mutation: Your magical and physical power is
                  | slightly enhanced at high health. [demonic ancestry]
 46892 | Vaults:3 | Reached XP level 21. HP: 138/156 MP: 32/35
 46986 | Vaults:3 | Found a runed translucent door.
 46987 | Vaults:3 | Noticed Ynisk's ghost (adept HaHu)
 46992 | Vaults:3 | You fall into a shaft and drop 1 floor!
 47133 | Vaults:4 | Reached skill level 24 in Shields
 47181 | Vaults:4 | Found Zoigesh's Weapon Shoppe.
 48280 | Vaults:3 | Noticed Bai Suzhen
 48313 | Vaults:3 | Killed Bai Suzhen
 48586 | Vaults:3 | Found a staircase to the Crypt.
 48742 | Vaults:3 | Killed Ynisk's ghost
 49358 | Vaults:4 | Reached skill level 25 in Shields
 49377 | Vaults:4 | Reached skill level 1 in Invocations
 49737 | Vaults:4 | Reached skill level 1 in Evocations
 51679 | Slime:1  | Entered Level 1 of the Pits of Slime
 51687 | Slime:1  | Gained mutation: You regenerate a lot of health from kills.
                  | [demonic ancestry]
 51687 | Slime:1  | Reached XP level 22. HP: 138/163 MP: 31/37
 52436 | Slime:1  | Reached skill level 10 in Summonings
 52463 | Slime:2  | Gained mutation: Your magical capacity is low. (-10% MP) [a
                  | shining eye]
 52465 | Slime:2  | Reached skill level 5 in Invocations
 52477 | Slime:2  | Gained mutation: You are frail. (-10% HP) [a shining eye]
 52482 | Slime:2  | Gained mutation: You occasionally shout uncontrollably at
                  | your foes. [a shining eye]
 53025 | Slime:3  | Noticed Dissolution
 53034 | Slime:3  | Gained mutation: You sometimes yell uncontrollably at your
                  | foes. [a shining eye]
 53035 | Slime:3  | Paralysed by a floating eye for 2 turns
 53036 | Slime:3  | Gained mutation: You are dopey. (Int -2) [a shining eye]
 53037 | Slime:3  | Killed Dissolution
 53042 | Slime:3  | Gained mutation: Your spells are a little easier to cast,
                  | but a little less powerful. [a shining eye]
 53045 | Slime:3  | Reached skill level 5 in Evocations
 53076 | Slime:3  | Gained mutation: You are very frail. (-20% HP) [a shining
                  | eye]
 53076 | Slime:3  | Gained mutation: Your magical capacity is very low. (-20%
                  | MP) [a shining eye]
 53097 | Slime:3  | Gained mutation: You are occasionally teleported next to
                  | monsters. [a shining eye]
 53104 | Slime:3  | Gained mutation: You frequently scream uncontrollably at
                  | your foes. [a shining eye]
 53112 | Slime:3  | Gained mutation: Armour fits poorly on your strangely
                  | shaped body. [a shining eye]
 53726 | Slime:3  | Reached skill level 1 in Dodging
 54074 | Slime:3  | Lost mutation: Your magical capacity is very low. (-20% MP)
                  | [potion of mutation]
 54074 | Slime:3  | Lost mutation: You are very frail. (-20% HP) [potion of
                  | mutation]
 54074 | Slime:3  | Gained mutation: You passively map a small area around you.
                  | [potion of mutation]
 54074 | Slime:3  | Gained mutation: You have supernaturally acute eyesight.
                  | (SInv) [potion of mutation]
 54075 | Slime:3  | Lost mutation: Your spells are a little easier to cast, but
                  | a little less powerful. [potion of mutation]
 54075 | Slime:3  | Lost mutation: You are occasionally teleported next to
                  | monsters. [potion of mutation]
 54075 | Slime:3  | Lost mutation: You are dopey. (Int -2) [potion of mutation]
 54075 | Slime:3  | Gained mutation: You have large cloven feet. [potion of
                  | mutation]
 54075 | Slime:3  | Lost mutation: Armour fits poorly on your strangely shaped
                  | body. [potion of mutation]
 54075 | Slime:3  | Lost mutation: Your magical capacity is low. (-10% MP)
                  | [potion of mutation]
 54358 | Slime:4  | Gained mutation: You are weak. (Str -2) [a shining eye]
 54364 | Slime:4  | Gained mutation: You are very frail. (-20% HP) [a shining
                  | eye]
 54723 | Slime:5  | Entered Level 5 of the Pits of Slime
 56124 | Elf:2    | Upgraded the game from 0.26-a0-412-ga3d1f51b80 to
                  | 0.26-a0-438-g4b1dca4f87
 56529 | Elf:3    | Identified the cursed +2 hand axe of Moodgh {freeze, *Slow
                  | rElec Int+2 Stlth+}
 56589 | Elf:3    | Identified the Volume of Damaging Stones
 56608 | Elf:3    | Identified the +6 plate armour of Vuarer {rPois MP+9 Dex-4
                  | Stlth+} (You found it on level 3 of the Elven Halls)
 56629 | Elf:3    | Identified the +8 great sword of Patterns {drain, Str+2}
                  | (You found it on level 3 of the Elven Halls)
 57135 | Depths:1 | Entered Level 1 of the Depths
 57446 | Depths:1 | Gained mutation: Your magical and physical power is
                  | enhanced at high health. [demonic ancestry]
 57446 | Depths:1 | Reached XP level 23. HP: 83/134 MP: 36/39
 57497 | Depths:1 | Noticed the Enchantress
 57537 | Depths:1 | Identified the ring of Kerchel {rPois rC++ Str-4 Int+2}
 57554 | Depths:1 | Reached skill level 10 in Invocations
 57970 | Depths:1 | Killed the Enchantress
 57970 | Depths:1 | Reached skill level 5 in Dodging
 58088 | Depths:1 | Reached skill level 1 in Conjurations
 58296 | Depths:1 | Identified the cursed +2 dagger of Focus {vorpal, *Contam
                  | *Corrode rN+ Str+4 Int+7} (You found it on level 1 of the
                  | Depths)
 58351 | Depths:1 | Lost mutation: You passively map a small area around you.
                  | [a shining eye]
 58352 | Depths:1 | Gained mutation: You are extremely frail. (-30% HP) [a
                  | shining eye]
 58395 | Depths:1 | Paralysed by a floating eye for 3 turns
 58406 | Depths:1 | Paralysed by a floating eye for 3 turns
 58636 | Depths:1 | Found a gateway to Hell.
 58779 | Depths:1 | Upgraded the game from 0.26-a0-438-g4b1dca4f87 to
                  | 0.26-a0-451-gacbe401039
 58779 | Depths:1 | Upgraded the game from 0.26-a0-451-gacbe401039 to
                  | 0.26-a0-466-g989023bd0d
 58808 | Depths:2 | You fall into a shaft and drop 1 floor!
 58812 | Depths:3 | Found a one-way gate leading to the halls of Pandemonium.
 59041 | Depths:3 | Gained mutation: Your magical and physical power is greatly
                  | enhanced at high health. [demonic ancestry]
 59041 | Depths:3 | Reached XP level 24. HP: 124/124 MP: 39/39
 59201 | Depths:3 | Noticed a juggernaut
 59216 | Depths:3 | Paralysed by a floating eye for 2 turns
 59224 | Depths:3 | Killed a juggernaut
 59226 | Depths:3 | Paralysed by a floating eye for 3 turns
 59266 | Depths:3 | Identified the +7 hand axe of Putrescence {vamp, *Noise
                  | rF+++ rC- Dex+2} (You found it on level 3 of the Depths)
 59369 | Depths:3 | Noticed Mennas
 59426 | Depths:3 | Killed Mennas
 59444 | Depths:3 | Identified the +2 pair of gloves of a Gauntlet {rC++}
 59444 | Depths:3 | Noticed Nikola
 59458 | Depths:3 | Killed Nikola
 60149 | Depths:3 | Upgraded the game from 0.26-a0-466-g989023bd0d to
                  | 0.26-a0-487-gbff1e92059
 60289 | Depths:4 | Noticed a juggernaut
 60309 | Depths:4 | Killed a juggernaut
 60669 | Depths:4 | Reached skill level 5 in Conjurations
 60681 | Depths:4 | Gained mutation: When seriously injured, your bleeding
                  | wounds create very thick armour. (AC +12) [demonic
                  | ancestry]
 60681 | Depths:4 | Reached XP level 25. HP: 133/133 MP: 39/39
 61183 | Depths:4 | Found Gawuj's Antique Weapon Emporium.
 61428 | Depths:4 | Found a one-way gate to the infinite horrors of the Abyss.
 61653 | Depths:2 | Reached skill level 15 in Fighting
 61706 | Depths:2 | Identified the ring "Oleathra" {+Fly rElec rF- rN+ Str+3}
 61717 | Depths:2 | Noticed Saint Roka
 61768 | Depths:2 | Killed Saint Roka
 61768 | Depths:2 | Reached skill level 10 in Evocations
 61899 | Depths:2 | Identified the ring of Kyrom {*Tele rPois rC- rN++}
 62022 | Depths:2 | Found a glowing golden altar of the Shining One.
 62147 | Depths:2 | Got pitted pearl dragon scales
 62151 | Depths:2 | Identified the +8 pearl dragon scales "Qaopt" {rC++ rN+
                  | Slay+3} (You found it on level 2 of the Depths)
 62169 | Depths:2 | You fall into a shaft and drop 2 floors!
 62185 | Depths:5 | Entered Level 5 of the Depths
 62390 | Depths:2 | Found a white marble altar of Elyvilon.
 62410 | Depths:2 | Identified the ring of Equilibrium {rPois rN+ MR- Str+4
                  | Slay+3}
 63593 | Vaults:5 | Entered Level 5 of the Vaults
 63734 | Vaults:5 | Reached skill level 10 in Dodging
 63736 | Vaults:5 | Reached XP level 26. HP: 107/145 MP: 31/40
 63865 | Vaults:5 | Noticed an ancient lich
 63886 | Vaults:5 | Killed an ancient lich
 64003 | Vaults:5 | Identified the cursed ring of Goon {rElec rPois rN+ Str-4
                  | Int-3}
 64338 | Vaults:5 | Found the +3 hat of Pondering {ponderous, MR+ MP+10 Int+5}
 64472 | Vaults:5 | Got a silver rune of Zot
 64491 | Vaults:5 | Got a glimmering cloak
 64492 | Vaults:5 | Identified the +1 cloak "Nar Demuw" {Harm Regen+} (You
                  | found it on level 5 of the Vaults)
 64499 | Vaults:5 | Found the +3 giant club "Skullcrusher" {speed, Str+7}
 64511 | Vaults:5 | Got a pitted pewter ring
 64512 | Vaults:5 | Identified the ring of Pil Poll {rF+ Int+4} (You found it
                  | on level 5 of the Vaults)
 65943 | Depths:5 | Found a gate to the Realm of Zot.
 66337 | Depths:5 | Found a gateway to a ziggurat.
 66831 | Zot:1    | Entered Level 1 of the Realm of Zot
 66861 | Zot:1    | Noticed an orb of fire
 66863 | Zot:1    | Gained mutation: Your spells are a little easier to cast,
                  | but a little less powerful. [an orb of fire]
 66866 | Zot:1    | Gained mutation: Your magical capacity is low. (-10% MP)
                  | [an orb of fire]
 66869 | Zot:1    | Gained mutation: You do not regenerate when monsters are
                  | visible. [an orb of fire]
 66873 | Zot:1    | Reached XP level 27. HP: 94/154 MP: 29/36
 66874 | Zot:1    | Gained mutation: You are very weak. (Str -4) [an orb of
                  | fire]
 66886 | Zot:1    | Gained mutation: Your spells are easier to cast, but less
                  | powerful. [an orb of fire]
 66896 | Depths:5 | Gained mutation: Your spells are much easier to cast, but
                  | much less powerful. [an orb of fire]
 66914 | Depths:5 | Killed an orb of fire
 67362 | Zot:1    | Found a transporter.
 67364 | Zot:1    | Found a transporter.
 67377 | Zot:1    | Noticed an orb of fire
 68129 | Zot:1    | Identified the ring of the Well-Known Knives {MR+ MP+9}
 68251 | Zot:1    | Noticed an orb of fire
 68277 | Zot:1    | Lost mutation: You have supernaturally acute eyesight.
                  | (SInv) [an orb of fire]
 68278 | Zot:1    | Gained mutation: Scrolls take you a little longer to read.
                  | [an orb of fire]
 68278 | Zot:1    | Gained mutation: You are dopey. (Int -2) [an orb of fire]
 68280 | Zot:1    | Gained mutation: Your body sometimes deteriorates upon
                  | taking damage. [an orb of fire]
 68282 | Zot:1    | Gained mutation: You are very dopey. (Int -4) [an orb of
                  | fire]
 68284 | Zot:1    | Killed an orb of fire
 68294 | Zot:1    | Gained mutation: You tend to lose your temper in combat.
                  | [an orb of fire]
 68303 | Zot:1    | Gained mutation: Scrolls take you longer to read. [an orb
                  | of fire]
 68309 | Zot:1    | Gained mutation: You often lose your temper in combat. [an
                  | orb of fire]
 68312 | Zot:1    | Gained mutation: Potions are less effective at restoring
                  | your health. [an orb of fire]
 68327 | Zot:1    | Killed from afar by an orb of fire

Illustrated notes

Levels and vault maps discovered:
D:1:      wander_arrival_fairy_ring, layout_loops_ring
D:2:      layout_basic, gammafunk_temple_overflow_forgotten,
          chequers_ecumenical_altar_simple, st_stairs_9, item_on_display_a
D:3:      cheibrodos_fertilizer, layout_basic
D:4:      cheibrodos_greedy_goblins, layout_layer_cave
D:5:      layout_basic, serial_shops, nicolae_shop_statue_plus, uniq_eustachio,
          uniq_ijyb, uniq_prince_ribbit1
D:6:      layout_loops_cross, grunt_gozag_statues
D:7:      layout_cave_pools, lemuel_coloured_pillars_altar,
          minmay_temple_entry_fiery, serial_shops, shop, minivault_26,
          nicolae_qazlal_eye_of_the_storm, uniq_duvessa
D:8:      minmay_the_grid_triangle_9x9_rhombus_full
          [minmay_the_grid_triangle_9x9_from_above,
          minmay_the_grid_triangle_9x9_zippers_horizontal,
          minmay_the_grid_triangle_9x9_odd_lines,
          minmay_the_grid_triangle_9x9_minimal,
          minmay_the_grid_triangle_9x9_corruption,
          minmay_the_grid_triangle_9x9_tough_junction,
          minmay_the_grid_triangle_9x9_checkered,
          minmay_the_grid_triangle_9x9_prize_insulated], layout_cave_pods,
          nrook_loot_triangle, evilmike_ruin_ashenzari
D:9:      layout_roguey, lair_entry_dummy, orc_david_3, uniq_joseph, uniq_maggie
D:10:     layout_basic, enter_bailey_2, nicolae_straight_to_the_point
D:11:     layout_small_grid, gauntlet_entry_generic, lemuel_altar_in_water,
          uniq_nergalle
D:12:     layout_stronghold, uniq_rupert
D:13:     layout_big_octagon, grunt_vaults_entry_tiered,
          ebering_ghost_rock_garden, uniq_josephine, uniq_kirke
D:14:     kennysheep_demon_hangout, layout_loops_ring, serial_bayou_pond_c,
          portal_ice_cave_entry_imps
D:15:     hangedman_depths_entry_try_elsewhere_first, layout_long_grid,
          serial_glass, glass_columns_c, glass_columns_a, glass_columns_b,
          glass_columns_a, glass_columns_b, glass_columns_a, item_on_display_a,
          minmay_strange_pillars, feat_on_display, dispersion_dpeg
Temple:   minmay_crystal_spiral_temple
Lair:1:   layout_chaotic_city, serial_bayou_pond_e, fungi_pond_lemuel,
          beast_lair_carwin_9
Lair:2:   layout_chaotic_city, guppyfry_snake_entry_island,
          gammafunk_ghost_ooze, basic_altar, uniq_harold
Lair:3:   cheibrodos_lair_overgrown_chateau, layout_chaotic_city,
          gammafunk_ghost_cemetery, uniq_urug
Lair:4:   layout_regular_city, swamp_mist, lemuel_fruit_tree
Lair:5:   layout_loops_ring, grunt_megastairs_5
Lair:6:   grunt_lair_end_beastmaster, layout_loops_ring, slime_altar_2
Swamp:1:  gammafunk_mikee_crab_dinner, layout_falls_marsh,
          gammafunk_ghost_wrathful_warriors, evilmike_swamp_ruin_rubble_2,
          nicolae_swamp_snake_nest
Swamp:2:  cheibrodos_swamp_heart_of_darkness, layout_falls_marsh,
          evilmike_swamp_ruin_house_1
Swamp:3:  layout_falls_marsh, hangedman_swamp_pad, uniq_aizul
Swamp:4:  swamp_old_school, layout_basic_swamp, swamp_pool5,
          nicolae_swamp_triple_paths, uniq_louise
Snake:1:  layout_onion, uniq_donald
Snake:2:  layout_layer_cave
Snake:3:  layout_onion_interference, serial_bayou_shore_b
Snake:4:  grunt_snake_rune_spirals, layout_onion, serial_shops,
          nicolae_shop_competitors_out_of_business, basic_altar
Slime:1:  layout_caves
Slime:2:  layout_caves
Slime:3:  layout_caves, dissolution_awaits
Slime:4:  layout_caves
Slime:5
Orc:1:    layout_caves, basic_altar
Orc:2:    st_orc_rangers, layout_diamond_mine
Elf:1:    eino_elf_arrival_the_gate, layout_gridlike, serial_shops, shop,
          minmay_elf_crystal_hexagon, kilobyte_mutagenic_chamber
Elf:2:    layout_geoelf_grid, serial_shops, shop, hangedman_elf_represent
Elf:3:    minmay_elf_hall_four_x, layout_rooms, st_stairs_8, sword_in_stone
Vaults:1: nicolae_vaults_little_ls, vaults_room_grunt_arrival_ludios,
          vaults_mumra_hex, nicolae_vaults_little_squares_5,
          nicolae_vaults_yaktaur_gun_rack, v_misc_2, v_misc_2,
          layout_vaults_omnigrid, enter_trove_6, serial_shops,
          nicolae_shop_trees, shop, nicolae_shop_overgrown_old_shop
Vaults:2: hangedman_vaults_locks, nicolae_vaults_asterisk, v_misc_22,
          ontoclasm_vaults_hangar, ontoclasm_vaults_spin, v_rooms_3,
          grunt_vaults_diagonal, nicolae_vaults_ring_of_whatevers,
          nicolae_vaults_network_square, v_misc_18, vaults_standard_mumra_x,
          nicolae_vaults_theta, layout_vaults_omnibox, serial_shops,
          nicolae_shop_crystal
Vaults:3: ebering_vaults_ghost_reflecting_pool, grunt_vaults_bifocal,
          hangedman_vaults_hat, st_more_cells, v_misc_2, vaults_mumra_hexcomb,
          vaults_dpeg_diagonal, nicolae_vaults_sealed_display,
          minmay_crypt_entry_simple_walls, nicolae_vaults_network_periphery,
          layout_vaults_ring, uniq_bai_suzhen
Vaults:4: ontoclasm_vaults_shuriken, nicolae_vaults_windows_and_doors_thing,
          v_misc_1, nicolae_vaults_disjoint_gnomons,
          vaults_standard_mumra_lines, vaults_room_corners,
          hangedman_vaults_nodes, nicolae_vaults_big_angled_halls,
          ontoclasm_vaults_decontamination, vaults_room_hallway,
          vaults_room_fancy_cross, layout_vaults_maze, serial_shops,
          nicolae_shop_temple_entry_statues_fountains
Vaults:5
Depths:1: layout_long_grid, grunt_hell_horde, minmay_misc_feat_columns,
          serial_bayou_pond_b, glass_columns_b, minivault_15,
          hangedman_eye_storm, serial_bayou_shore_b, uniq_enchantress
Depths:2: hangedman_spin_cycle, hell_entry
Depths:3: minmay_expanding_squares, layout_long_grid, hell_entry, pan_entry,
          minmay_tree_intersection, minmay_misc_feat_four_crosses,
          minmay_staircase_bubble, serial_bayou_shore_a, grunt_megastairs_3,
          uniq_mennas, uniq_margery, uniq_nikola, uniq_saint_roka
Depths:4: cheibrodos_salmonella, layout_gridville, serial_bayou_lagoon_a,
          hell_entry, serial_shops, kennysheep_mini_moat, abyss_entry_crystal,
          infiniplex_staircase_pillars_1
Depths:5: grunt_zot_entry_tricorne, layout_small_grid, enter_ziggurat_a,
          pf_vacation_house_of_asmodeus, nicolae_wwwww
Zot:1:    gammafunk_the_bubble [the_bubble_gammafunk_split],
          layout_cellular_growth

Skill      XL: |  1  2  3  4  5  6  7  8  9 10 11 12 13 14 15 16 17 18 19 20 21 22 23 24 25 26 27 |
---------------+----------------------------------------------------------------------------------+-----
Long Blades    | 2 |  2.0
Armour         | 3 6 7 9 10 11 12 13 | 13.1
Shields        | 3 4 5 7 8 10 12 14 15 16 17 19 20 22 23 25 | 25.0
Maces & Flails | 1 2 3 |  3.4
Fighting       | 4 5 6 7 8 9 11 12 14 17 18 19 | 19.4
Polearms       | 1 4 6 8 10 11 12 13 14 | 14.2
Spellcasting   | 3 4 5 7 8 9 10 11 12 13 14 | 14.1
Air Magic      | 3 4 5 |  5.0
Summonings     | 3 6 9 12 | 12.5
Invocations    | 3 9 10 | 10.0
Evocations     | 2 7 9 10 | 10.0
Dodging        | 4 6 7 10 13 | 13.8
Conjurations   | 3 5 6 8 9 |  9.0

Action                   |  1- 3 |  4- 6 |  7- 9 | 10-12 | 13-15 | 16-18 | 19-21 | 22-24 | 25-27 || total
-------------------------+-------+-------+-------+-------+-------+-------+-------+-------+-------++-------
Melee: Long sword        |    47 |       |       |       |       |       |       |       |       ||    47
       Whip              |   100 |   167 |       |       |       |       |       |       |       ||   267
       Spear             |       |    62 |   442 |   713 |   796 |       |       |       |       ||  2013
       Headbutt          |       |       |    32 |   182 |   365 |   500 |   541 |   443 |   381 ||  2444
       Trident           |       |       |       |       |   857 |  2139 |  2466 |  1504 |  1565 ||  8531
Invok: Disaster Area     |       |       |       |       |       |       |       |     2 |     6 ||     8
       Elemental Force   |       |       |       |       |       |       |       |       |     1 ||     1
Evoke: Wand              |       |       |       |       |       |     4 |       |       |       ||     4
  Use: Scroll            |     4 |     9 |     1 |     8 |    11 |    16 |     7 |    11 |    12 ||    79
       Potion            |       |       |       |       |     2 |     4 |     3 |    10 |     8 ||    27
 Stab: Distracted        |       |       |       |       |     1 |       |       |       |     1 ||     2
       Confused          |       |       |       |       |       |     1 |       |       |       ||     1
Armor: Scale mail        |    59 |    76 |    95 |       |       |       |       |       |       ||   230
       Plate armour      |       |       |    43 |    79 |   226 |   545 |   293 |   469 |    42 ||  1697
       Skin              |       |       |       |       |       |       |    14 |       |    63 ||    77
       Pearl dragon scal |       |       |       |       |       |       |       |       |   517 ||   517
Dodge: Dodged            |    30 |    50 |    93 |    60 |   157 |   258 |   142 |   213 |   472 ||  1475
       Repelled          |       |       |       |       |    14 |    40 |    17 |    16 |    12 ||    99
Block: Kite shield       |    55 |   112 |   211 |   275 |  1010 |   669 |       |       |       ||  2332
       Tower shield      |       |       |       |       |       |  1408 |  1716 |  1872 |  1970 ||  6966
       Rpst.: Long sword |     1 |       |       |       |       |       |       |       |       ||     1

Table legend: (Time is in decaauts)
 A = Elapsed time spent in this place.
 B = Non-inter-level travel time spent in this place.
 C = Inter-level travel time spent in this place.
 D = Time resting spent in this place.
 E = Time spent auto-exploring this place.
 F = Levels seen in this place.
 G = Mean time per level.
                   A        B        C        D        E       F      G
               +--------+--------+--------+--------+--------+-----+--------+
         Total |  62851 |  57693 |   5158 |  11831 |  31080 |  53 | 1185.9 |
       Dungeon |  16264 |  14595 |   1669 |   1981 |   9886 |  15 | 1084.3 |
        Temple |    192 |    150 |     42 |      0 |      0 |   1 |  192.0 |
          Lair |   8480 |   7472 |   1008 |   1625 |   4644 |   6 | 1413.3 |
         Swamp |   5082 |   4869 |    213 |   1016 |   2818 |   4 | 1270.5 |
     Snake Pit |   7560 |   7196 |    364 |   2779 |   2665 |   4 | 1890.0 |
    Slime Pits |   2535 |   2529 |      6 |    555 |    734 |   5 |  507.0 |
  Orcish Mines |   1336 |    984 |    352 |      0 |    737 |   2 |  668.0 |
   Elven Halls |   6120 |   5587 |    533 |   2114 |   1944 |   3 | 2040.0 |
        Vaults |   7286 |   6704 |    582 |    643 |   3900 |   5 | 1457.2 |
        Depths |   6310 |   5924 |    386 |   1117 |   2914 |   5 | 1262.0 |
           Zot |    931 |    931 |      0 |      0 |    555 |   1 |  931.0 |
        Bailey |    437 |    437 |      0 |      0 |    270 |   1 |  437.0 |
      Ice Cave |    311 |    311 |      0 |      0 |      8 |   1 |  311.0 |
               +--------+--------+--------+--------+--------+-----+--------+

Top non-repeatable levels by time:
   Elf:2: 3741 daAuts
 Snake:3: 2630 daAuts
 Snake:4: 2421 daAuts
  Lair:3: 2113 daAuts
     D:6: 1895 daAuts
  Lair:6: 1779 daAuts
Vaults:3: 1774 daAuts
 Swamp:2: 1756 daAuts
    D:15: 1671 daAuts
Vaults:1: 1593 daAuts
  Lair:4: 1552 daAuts
Depths:3: 1533 daAuts
     D:2: 1500 daAuts
 Snake:2: 1412 daAuts
Depths:1: 1375 daAuts
